Map: Oxide LE

Players

Serral - Winner!

  • Race: Zerg Zerg

DnS

  • Race: Protoss Protoss

Event: DreamHack SC2 Masters 2021 Fall

VOD

Have the link to the VOD?

Description

Time

  • Played on: Aug. 7, 2021, 1:14 p.m.
  • Length: 12:29

All games in this series

Show
View Real Time Build Order
Export as new Build Order

Serral Zerg - Winner!

Build Orders: Pool First, Muta Ling Bane 

Get SALT Encoding   

  12  0:00  Drone  
  13  0:11  Overlord  
  13  0:17  Drone  
  14  0:30  Drone x2  
  16  0:40  Spawning Pool  
  15  0:44  Drone  
  16  1:06  Drone  
  16  1:09  Hatchery  
  16  1:13  Drone  
  16  1:17  Drone  
  18  1:20  Extractor  
  17  1:27  Zergling x2  
  17  1:31  Queen  
  20  1:35  Drone  
  21  1:41  Overlord  
  21  1:49  Drone  
  22  2:00  Zergling x2  
  23  2:06  Queen  
  25  2:11  Drone  
  26  2:21  Drone  
  26  2:22  Queen  
  29  2:23  Drone  
  29  2:26  Metabolic Boost  
  30  2:34  Drone x2  
  32  2:42  Drone x3  
  34  2:47  Overlord  
  34  2:49  Drone  
  35  2:57  Overlord  
  35  3:05  Hatchery  
  35  3:09  Drone x2  
  35  3:11  Drone  
  37  3:15  Drone  
  37  3:17  Drone x2  
  40  3:23  Drone x2  
  40  3:26  Queen  
  42  3:32  Queen  
  46  3:35  Drone  
  47  3:41  Roach Warren  
  47  3:43  Overlord  
  46  3:49  Drone x3  
  46  3:50  Extractor, Drone  
  46  3:54  Zergling x4  
  51  4:00  Zergling x2  
  51  4:01  Zergling x4  
  54  4:06  Zergling x6  
  56  4:11  Overlord x2  
  56  4:17  Queen  
  56  4:20  Lair  
  56  4:23  Zergling x2  
  59  4:26  Drone  
  59  4:29  Spore Crawler  
  59  4:31  Drone x3  
  62  4:32  Drone  
  62  4:34  Drone  
  62  4:36  Drone  
  65  4:42  Zergling x8  
  65  4:44  Drone  
  70  4:47  Zergling x2  
  70  4:50  Zergling x6  
  70  4:52  Zergling x2  
  74  4:59  Overlord  
  72  5:01  Zergling x4  
  69  5:10  Drone x2  
  69  5:13  Drone x4  
  65  5:23  Drone x3  
  65  5:27  Overlord  
  67  5:29  Drone  
  67  5:30  Drone x4  
  67  5:31  Glial Reconstitution  
  67  5:33  Extractor  
  67  5:34  Extractor, Overlord  
  67  5:35  Drone, Evolution Chamber  
  70  5:42  Drone  
  71  5:43  Drone  
  71  5:44  Drone  
  73  5:50  Drone  
  73  5:51  Overseer  
  73  5:55  Drone x2  
  76  6:00  Drone x3  
  76  6:02  Zerg Melee Weapons Level 1  
  79  6:08  Drone x2, Spire  
  79  6:09  Extractor, Drone  
  79  6:10  Extractor, Drone x2  
  81  6:12  Drone  
  81  6:14  Drone x2  
  81  6:15  Drone x2  
  86  6:19  Overlord  
  86  6:24  Overlord  
  86  6:26  Overseer  
  86  6:32  Hatchery  
  84  6:34  Overlord  
  84  6:37  Roach x6  
  96  6:41  Drone  
  96  6:43  Baneling Nest  
  96  6:46  Roach x3  
  102  6:51  Roach x2  
  102  6:52  Roach  
  108  6:56  Overlord  
  108  6:57  Roach  
  110  7:02  Roach x3  
  110  7:03  Roach  
  110  7:06  Overlord  
  110  7:07  Overlord  
  118  7:08  Overlord  
  118  7:11  Ravager  
  118  7:12  Ravager x3  
  122  7:17  Roach x3  
  122  7:20  Overlord  
  127  7:30  Drone x6  
  127  7:31  Drone  
  127  7:35  Overlord  
  127  7:36  Drone x5  
  138  7:46  Queen  
  138  7:47  Overlord  
  138  7:50  Centrifical Hooks  
  140  8:00  Mutalisk x7  
  140  8:01  Mutalisk  
  155  8:06  Hatchery  
  155  8:08  Zerg Melee Weapons Level 2  
  155  8:12  Drone  
  155  8:13  Extractor, Drone x3  
  155  8:18  Zergling x12  
  163  8:20  Ravager x3  
  166  8:29  Overlord  
  166  8:30  Overlord  
  166  8:31  Zergling x4  
  168  8:35  Baneling x7  
  168  8:43  Infestation Pit  
  168  8:47  Zergling x14  
  168  8:48  Zergling x6  
  177  8:56  Zergling x8  
  178  9:05  Drone  
  178  9:06  Drone x2  
  178  9:08  Zergling x8  
  184  9:16  Zergling x24  
  194  9:22  Hive  
  194  9:23  Evolution Chamber  
  193  9:28  Baneling x28  
  193  9:29  Baneling x4  
  193  9:32  Ravager  
  193  9:34  Drone x3, Overlord  
  193  9:37  Zergling x6  
  200  9:39  Baneling x7  
  200  9:56  Extractor  
  199  10:01  Drone  
  199  10:03  Spore Crawler, Spine Crawler  
  199  10:04  Drone x2  
  197  10:17  Zerg Ground Armor Level 1  
  197  10:20  Baneling x9  
  197  10:21  Baneling x8  
  195  10:25  Zergling x8  
  199  10:42  Baneling  
  197  10:44  Hatchery  
  197  10:46  Adrenal Glands  
  197  10:48  Viper  
  195  11:02  Zergling x8  
  195  11:03  Zergling x42  
  197  11:07  Zergling x30  
  186  11:13  Zergling x12  
  192  11:21  Zergling x12  
  192  11:22  Zergling x2  
  192  11:24  Baneling x15  
  192  11:25  Baneling x10  
  199  11:26  Baneling x10  
  199  11:37  Baneling x8  
  198  11:50  Drone x2  
  199  11:55  Baneling x10  
  199  11:56  Baneling x6  
  199  11:58  Drone x2  
  198  12:08  Ultralisk Cavern  
Show
View Real Time Build Order
Export as new Build Order

DnS Protoss 

Build Orders: 1 Gate Expand 

Get SALT Encoding   

  12  0:00  Probe  
  13  0:12  Probe  
  14  0:19  Pylon  
  14  0:24  Probe  
  15  0:37  Probe (Chrono Boost)  
  16  0:44  Gateway  
  16  0:46  Probe (Chrono Boost)  
  17  0:51  Probe  
  17  0:52  Assimilator  
  18  1:03  Probe  
  19  1:15  Probe  
  20  1:27  Nexus  
  20  1:35  Cybernetics Core  
  20  1:38  Probe  
  21  1:46  Assimilator  
  21  1:50  Probe  
  21  1:53  Pylon  
  22  2:02  Probe  
  23  2:08  Adept (Chrono Boost)  
  23  2:12  Warp Gate  
  23  2:14  Probe (Chrono Boost)  
  26  2:24  Probe (Chrono Boost)  
  26  2:29  Probe (Chrono Boost)  
  27  2:31  Stalker  
  30  2:39  Probe (Chrono Boost)  
  32  2:47  Probe (Chrono Boost)  
  32  2:49  Probe (Chrono Boost)  
  33  2:53  Probe (Chrono Boost)  
  33  2:55  Probe  
  33  2:56  Twilight Council  
  35  3:03  Adept  
  35  3:05  Probe  
  38  3:08  Probe  
  38  3:11  Gateway  
  39  3:16  Gateway  
  40  3:20  Probe  
  40  3:24  Probe  
  40  3:26  Resonating Glaives (Chrono Boost)  
  41  3:27  Pylon  
  41  3:32  Probe  
  42  3:36  Probe  
  43  3:43  Pylon  
  43  3:44  Probe  
  43  3:48  Probe  
  45  3:56  Probe  
  45  3:58  Nexus  
  45  4:01  Adept  
  48  4:03  Pylon  
  48  4:04  Probe  
  48  4:07  Adept  
  51  4:11  Adept  
  51  4:12  Probe  
  51  4:16  Probe  
  55  4:22  Assimilator x2, Pylon  
  56  4:24  Probe  
  56  4:29  Probe  
  57  4:33  Adept x3  
  57  4:36  Robotics Facility  
  57  4:38  Probe  
  64  4:41  Probe  
  65  4:50  Shield Battery, Probe  
  66  4:53  Probe  
  66  4:54  Pylon  
  65  5:07  Sentry x3  
  65  5:08  Probe (Chrono Boost)  
  65  5:11  Probe (Chrono Boost)  
  65  5:12  Probe (Chrono Boost)  
  66  5:19  Probe (Chrono Boost)  
  66  5:20  Phoenix  
  64  5:21  Probe (Chrono Boost)  
  64  5:23  Probe (Chrono Boost)  
  64  5:24  Probe (Chrono Boost)  
  64  5:25  Immortal (Chrono Boost)  
  64  5:26  Probe (Chrono Boost)  
  64  5:27  Blink  
  69  5:30  Adept  
  69  5:31  Adept x2, Probe  
  69  5:34  Probe  
  77  5:39  Forge  
  77  5:41  Probe  
  77  5:42  Robotics Bay  
  78  5:43  Probe  
  78  5:46  Probe  
  80  5:53  Sentry, Probe  
  80  5:55  Assimilator  
  80  5:56  Assimilator, Probe  
  85  5:57  Observer (Chrono Boost)  
  85  5:59  Probe  
  85  6:02  Phoenix  
  86  6:05  Pylon, Probe  
  86  6:08  Probe  
  86  6:10  Robotics Facility  
  86  6:11  Probe  
  89  6:13  Immortal (Chrono Boost)  
  89  6:16  Protoss Ground Weapons Level 1  
  93  6:24  Gateway  
  93  6:25  Gateway  
  93  6:28  Gateway  
  93  6:30  Stalker  
  93  6:31  Stalker  
  97  6:46  Colossus (Chrono Boost), Extended Thermal Lance  
  103  6:55  Stalker x3  
  109  7:01  Gateway  
  109  7:03  Pylon x2, Gateway  
  109  7:04  Pylon  
  109  7:06  Pylon  
  109  7:14  Pylon, Photon Cannon  
  109  7:15  Pylon  
  115  7:27  Colossus (Chrono Boost), Stalker  
  113  7:30  Stalker x2  
  113  7:36  Colossus (Chrono Boost), Stalker x2  
  123  7:48  Pylon  
  123  7:57  Adept  
  123  7:58  Adept  
  127  7:59  Sentry x2  
  127  8:02  Pylon  
  127  8:03  Stalker x4  
  139  8:10  Nexus  
  139  8:12  Warp Prism (Chrono Boost)  
  139  8:13  Pylon  
  141  8:23  Photon Cannon  
  141  8:26  Immortal (Chrono Boost)  
  141  8:30  Sentry x2, Stalker  
  141  8:33  Photon Cannon  
  151  8:51  Stalker x4  
  159  9:01  Stalker x4  
  157  9:11  Probe  
  157  9:12  Probe  
  156  9:18  Stalker x2  
  156  9:19  Stalker  
  156  9:22  Probe x2  
  163  9:26  Probe x2  
  163  9:30  Photon Cannon  
  165  9:42  Stalker x3  
  171  9:47  Probe x4  
  171  9:50  Protoss Ground Weapons Level 2 (Chrono Boost)  
  175  9:56  Stalker x3  
  177  10:06  Stalker x3  
  183  10:15  Stalker x2  
  187  10:23  Templar Archives  
  187  10:28  Photon Cannon  
  187  10:32  Stalker x4  
  191  10:39  Stalker x3  
  193  10:44  Gateway  
  193  10:45  Gateway, Stalker  
  109  11:13  Stalker x8  
  119  11:32  Photon Cannon  
  119  11:33  Photon Cannon, Colossus (Chrono Boost)  
  119  11:34  Shield Battery  
  119  11:39  Stalker, Zealot x2  
  131  11:40  Zealot x4  
  142  12:04  Zealot x6  
  142  12:06  Pylon  
  154  12:09  Zealot x2  

Tags
 
Add a new tag
Caveats
  • Supply blocks, unpowered buildings, or Contaminate may cause inaccurate times.
  • Supply counts are checked every 10 seconds.